 Dungeon Crawl Stone Soup version 0.30-a0-626-gd6a5dd7a1f (webtiles) character file.

Game seed: 6598315189664356634

296 hikkokomori the Shield-Bearer (level 6, 0/13 (51) HPs)
             Began as a Formicid Fighter on Jan 12, 2023.
             Frozen to death by an endoplasm (4 damage)
             ... on level 3 of the Dungeon.
             The game lasted 00:04:44 (2748 turns).

hikkokomori the Shield-Bearer (Formicid Fighter)    Turns: 2748, Time: 00:04:45

HP:   0/13 (51)     AC:  6    Str: 23    XL:     6   Next: 62%
MP:   6/6           EV:  9    Int:  7    God:
Gold: 172           SH:  5    Dex: 13    Spells: 5/5 levels left

rFire   . . .      SeeInvis +    a - +0 war axe
rCold   . . .      Faith    .    c - +0 buckler
rNeg    . . .      Spirit   .    b - +0 scale mail
rPois   .          Reflect  .    (helmet unavailable)
rElec   .          Harm     .    (no cloak)
rCorr   .          Rampage  .    (no gloves)
Will    .....                    (no boots) Stlth
                                 h - amulet of the acrobat
HPRegen 0.22/turn                (no ring)
MPRegen 0.10/turn                (no ring)

@: extremely drained
A: permanent stasis, dig shafts and tunnels, antennae 3, four strong arms
a: Dig, Shaft Self


You were on level 3 of the Dungeon.
You visited 1 branch of the dungeon, and saw 4 of its levels.
You also visited: Sewer.

You collected 172 gold pieces.

Inventory:

Hand Weapons
 a - a +0 war axe (weapon)
Missiles
 j - 3 javelins
 n - 5 curare-tipped darts
Armour
 b - a +0 scale mail (worn)
 c - a +0 buckler (worn)
Jewellery
 h - an amulet of the acrobat (around neck)
Scrolls
 i - a scroll of fear {unknown}
 l - a scroll of butterflies
 p - a scroll of immolation {unknown}
 r - a scroll of fog {unknown}
 s - 2 scrolls of teleportation
Potions
 d - a potion of might
 e - 2 potions of heal wounds {unknown}
 g - 2 potions of brilliance {unknown}
 k - 3 potions of invisibility {unknown}
 m - a potion of lignification {unknown}
 o - a potion of flight {unknown}
 q - a potion of berserk rage
 t - 3 potions of curing
 u - a potion of magic {unknown}
 v - a potion of haste {unknown}


   Skills:
 + Level 5.1 Fighting
 + Level 4.0 Axes
 - Level 3.2 Armour
 - Level 6.1 Shields


You had 5 spell levels left.
You didn't know any spells.
Your spell library contained the following spells:

 Spells                   Type           Power      Damage    Failure   Level
 Dazzling Flash           Conj/Hex       0%         N/A       99%         3
 Agony                    Necr           0%         N/A       100%        5
 Silence                  Hex/Air        0%         N/A       100%        5


Dungeon Overview and Level Annotations

Branches:
Dungeon (4/15)              Sewer (visited)
 Temple: D:4-7

Altars:


Innate Abilities, Weirdness & Mutations

You cannot be hasted, slowed, berserked, paralysed or teleported.
You can dig through walls and to a lower floor.
You have a pair of large antennae on your head. (SInv)
Your four strong arms can wield two-handed weapons with a shield.


Message History

No target in view!
No target in view!
No target in view!
As you read the scroll of identify, it crumbles to dust.
q - a potion of berserk rage
As you read the scroll of identify, it crumbles to dust.
t - 3 potions of curing
As you read the scroll labelled BYEWKOQAAX, it crumbles to dust.
You feel a strange sense of stasis.
It was a scroll of teleportation.
You see here a +0 short sword.
You now have 159 gold pieces (gained 10).
You now have 172 gold pieces (gained 13).
You sense a monster nearby.
As you open the large door, it creaks loudly!
An endoplasm and an orc priest come into view.
The endoplasm quivers.
You hear a shout! x3
There are monsters nearby!
There are monsters nearby!
You hit the endoplasm but do no damage.
The endoplasm hits you but does no damage.
The orc priest mumbles some strange prayers to Beogh against you.
Pain shoots through your body!
An orc comes into view.
It is wielding a +0 dagger. 2 orcs come into view.
An orc is wielding a +0 hand axe of electrocution.
The orc shouts!
The endoplasm freezes you.
You are frozen.
The orc priest invokes the aid of Beogh against you.
Pain shoots through your body!
Ouch! That really hurt!
* * * LOW HITPOINT WARNING * * *
There is a large open door here.
You slash the orc priest!
The orc priest is severely wounded.
You barely miss the endoplasm. The endoplasm freezes you.
You are frozen.
You die...

*,* **~~~~~~~~##.
##*,**#≈≈≈≈≈≈≈≈≈≈##
#.,,##≈§§≈§≈§≈§§§≈#
#.*##≈§≈§≈≈≈≈≈≈§≈≈§
#o##§§§≈§§≈≈≈≈≈≈≈≈§
#o#§§§§§≈§≈≈≈§≈≈≈≈§
#o#≈≈§§§§§§≈≈≈§≈≈§§
#o#≈≈§§≈≈≈8..8§≈§§§
#.@.§§.....§§....).
#.J........§≈......
###≈§≈≈≈≈§8§§8≈≈≈≈≈
#≈≈≈§≈§§§§§≈≈≈≈≈§
#§§§≈≈§§≈§≈≈≈§≈§≈
##≈≈≈§≈≈§≈§≈≈§≈§§
##§≈≈§≈≈§≈§§≈≈§≈
##≈§≈≈≈≈≈§≈§≈≈#
##≈≈§§§§≈§≈§##


You could see an orc priest, 3 orcs and an endoplasm.

Vanquished Creatures
  A scorpion (D:4)
  A hound (D:4)
  An iguana (D:4)
  6 river rats
  3 adders
  A gnoll (D:1)
  2 worms (D:3)
  6 bats
  5 endoplasms (D:1)
  2 giant cockroaches (D:4)
  6 goblins
  8 hobgoblins
  7 jackals
  3 quokkas
  12 ball pythons
  6 frilled lizards
  9 kobolds
  12 rats
91 creatures vanquished.

Vanquished Creatures (others)
  12 plants (D:3)
12 creatures vanquished.

Grand Total: 103 creatures vanquished

Notes
Turn   | Place    | Note
-------+----------+-------------------------------------------
     0 | D:1      | hikkokomori the Formicid Fighter began the quest for the
                  | Orb.
     0 | D:1      | Reached XP level 1. HP: 18/18 MP: 1/1
    33 | D:1      | Reached XP level 2. HP: 7/24 MP: 2/2
   203 | D:1      | Reached XP level 3. HP: 29/30 MP: 3/3
   282 | D:1      | Found a faded altar of an unknown god.
   670 | D:2      | You fall into a shaft and drop 2 floors!
   676 | D:4      | Reached XP level 4. HP: 36/37 MP: 4/4
   796 | D:4      | Noticed a scorpion
   801 | D:4      | Killed a scorpion
   802 | D:4      | Reached skill level 5 in Shields
   802 | D:4      | Reached XP level 5. HP: 22/43 MP: 5/5
  1597 | D:3      | Reached XP level 6. HP: 34/49 MP: 6/6
  1700 | D:3      | Found a glowing drain.
  1771 | Sewer    | Entered a sewer
  2029 | Sewer    | Reached skill level 5 in Fighting
  2055 | Sewer    | Reached skill level 6 in Shields
  2748 | D:3      | Frozen to death by an endoplasm

Illustrated notes

Levels and vault maps discovered:
D:1:      minmay_arrival_hallway, layout_rooms, ebering_ecumenical_altar_hall
D:2:      layout_basic, basic_altar
D:3:      kennysheep_big_flooded_room, layout_rooms, lightli_sewer_entry_pipes,
          serial_bayou_lake_a
D:4:      nicolae_cairo_tiling_very_big, layout_loops_ring,
          hangedman_decor_riveting

Skill      XL: |  1  2  3  4  5  6 |
---------------+-------------------+-----
Fighting       | 4 5 |  5.1
Axes           | 3 4 |  4.0
Shields        | 5 6 |  6.1
Armour         | |  3.2

Action                   |  1- 3 |  4- 6 || total
-------------------------+-------+-------++-------
Melee: War axe           |    67 |   192 ||   259
 Abil: Dig               |       |     4 ||     4
  Use: Scroll            |       |     8 ||     8
Armor: Scale mail        |    31 |    67 ||    98
Dodge: Dodged            |    45 |    82 ||   127
Block: Buckler           |    25 |    58 ||    83

Table legend: (Time is in decaauts)
 A = Elapsed time spent in this place.
 B = Non-inter-level travel time spent in this place.
 C = Inter-level travel time spent in this place.
 D = Time resting spent in this place.
 E = Time spent auto-exploring this place.
 F = Levels seen in this place.
 G = Mean time per level.
                   A        B        C        D        E       F      G
               +--------+--------+--------+--------+--------+-----+--------+
         Total |   2976 |   2960 |     16 |    155 |   1904 |   5 |  595.2 |
       Dungeon |   2183 |   2167 |     16 |     63 |   1486 |   4 |  545.8 |
         Sewer |    793 |    793 |      0 |     92 |    417 |   1 |  793.0 |
               +--------+--------+--------+--------+--------+-----+--------+

Top non-repeatable levels by time:
     D:4: 907 daAuts
   Sewer: 793 daAuts
     D:1: 657 daAuts
     D:3: 579 daAuts
     D:2: 38 daAuts
